 Dungeon Crawl Stone Soup version 0.21.1-1-g345015fe64 (webtiles) character file.

29491 Ethylacetat the Grappler (level 13, -8/106 HPs)
             Began as a Demonspawn Fighter on June 12, 2018.
             Was a High Priest of Makhleb.
             Mangled by a two-headed ogre
             ... wielding a +0 giant club
              (10 damage)
             ... on level 12 of the Dungeon on June 13, 2018.
             The game lasted 01:41:09 (11474 turns).

Ethylacetat the Grappler (Demonspawn Fighter)      Turns: 11474, Time: 01:41:10

Health: -8/106     AC: 14    Str: 20    XL:     13   Next: 15%
Magic:  22/22      EV:  9    Int: 11    God:    Makhleb [*****.]
Gold:   855        SH:  5    Dex: 20    Spells: 12/12 levels left

rFire    + . .     SeeInvis .   E - +11 bardiche "Welewaqone" {chop, *Rage rPois Str+2}
rCold    + . .     Gourm    .   (shield currently unavailable)
rNeg     . . .     Faith    .   U - +0 chain mail {rF+}
rPois    +         Spirit   .   (helmet restricted)
rElec    .         Reflect  +   (no cloak)
rCorr    .         Harm     .   w - +0 pair of gloves
MR       .....     Rnd*Rage +   e - +0 pair of boots
Stlth    ..........             D - +5 amulet of reflection
HPRegen  0.27/turn              A - +3 ring of dexterity
MPRegen  0.18/turn              q - +4 ring of protection

@: berserk cooldown, slowed, drained, very slow
A: horns 1, clever 1, cold resistance 1, sense surroundings 1, spiny 3, wild
magic 1, freezing cloud immunity, sturdy frame 2
a: Minor Destruction, Lesser Servant of Makhleb, Major Destruction, Greater
Servant of Makhleb, Renounce Religion


You were on level 12 of the Dungeon.
You worshipped Makhleb.
Makhleb was extremely pleased with you.
You were not hungry.

You visited 2 branches of the dungeon, and saw 13 of its levels.
You also visited: Bailey.

You collected 855 gold pieces.

Inventory:

Hand Weapons
 E - the +11 bardiche "Welewaqone" (weapon) {chop, *Rage rPois Str+2}
   (You found it on level 10 of the Dungeon)

   It inflicts extra damage upon your enemies.
   It affects your strength (+2).
   It protects you from poison.
   It may make you go berserk in combat.
Missiles
 p - 7 javelins of penetration (quivered)
 L - a throwing net
Armour
 e - a +0 pair of boots (worn)
 j - a +0 ring mail of positive energy
 n - a +0 buckler
 w - a +0 pair of gloves (worn)
 G - a +2 leather armour of cold resistance
 U - a +0 chain mail of fire resistance (worn)
Jewellery
 m - an uncursed ring of poison resistance
 q - a +4 ring of protection (right hand)
 s - a +2 ring of evasion
 A - a +3 ring of dexterity (left hand)
 D - a +5 amulet of reflection (around neck)
 H - an uncursed ring of protection from magic
Wands
 c - a wand of clouds (6)
 r - a wand of digging (9)
 v - a wand of disintegration (17)
 x - a wand of iceblast (7)
 y - a wand of scattershot (4)
 z - a wand of flame (57)
 O - a wand of random effects (55)
 T - a wand of acid (4)
Scrolls
 f - 4 scrolls of remove curse
 g - 15 scrolls of identify
 h - 3 scrolls of fear
 i - 2 scrolls of amnesia
 o - 2 scrolls of blinking
 t - 5 scrolls of teleportation
 B - 3 scrolls of noise {unknown}
 C - 4 scrolls of fog
 F - a scroll of vulnerability {unknown}
 I - a scroll of enchant weapon {unknown}
 J - 3 scrolls of immolation {unknown}
 K - 2 scrolls of enchant armour {unknown}
 M - a scroll of acquirement {unknown}
Potions
 a - 2 potions of mutation
 b - 4 potions of magic
 k - a potion of heal wounds
 l - 6 potions of curing
 u - a potion of might
 Q - a potion of flight
Comestibles
 d - 27 rations


   Skills:
 + Level 11.3(10.2) Fighting
 - Level 2.6(1.8) Armour
 + Level 6.2(5.2) Shields
 * Level 13.8(12.6) Unarmed Combat
 * Level 12.7(11.6) Invocations


You had 12 spell levels left.
You didn't know any spells.

Dungeon Overview and Level Annotations

Branches:
Dungeon (12/15)            Temple (1/1) D:6            Lair (0/6) D:9
    Orc (0/2) D:10

Altars:
Ashenzari
Cheibriados
Dithmenos
Elyvilon
Fedhas
Gozag
Hepliaklqana
Kikubaaqudgha
Makhleb
Nemelex Xobeh
Okawaru
Qazlal
Ru
Sif Muna
Trog
Uskayaw
Vehumet
Wu Jian
Xom
Yredelemnul
Zin
The Shining One

Shops:
D:7 %   D:8 }   D:10 (

Annotations:
D:8 Prince Ribbit


Innate Abilities, Weirdness & Mutations

You have a pair of small horns on your head.
Your flesh is cold resistant. (rC+)
You are completely covered in sharp spines.
You are immune to freezing clouds.
Your movements are less encumbered by armour. (ER -4)
Your mind is acute. (Int +2)
You passively map a small area around you.
Your spells are a little harder to cast, but a little more powerful.


Message History

The two-headed ogre hits you with a giant club.
* * * LOW HITPOINT WARNING * * *
The two-headed ogre hits you with a giant club!
* * * LOW HITPOINT WARNING * * *
The two-headed ogre is struck by your spines.
The two-headed ogre closely misses you. The two-headed ogre barely misses you.
The two-headed ogre is struck by your spines.
The two-headed ogre hits you with a giant club.
* * * LOW HITPOINT WARNING * * *
The two-headed ogre hits you with a giant club!
* * * LOW HITPOINT WARNING * * *
Okay, then.
Okay, then.
Okay, then.
You feel much better.
The two-headed ogre is struck by your spines.
The two-headed ogre hits you with a giant club!!
* * * LOW HITPOINT WARNING * * *
The two-headed ogre hits you with a giant club!
You die...

,#. , ,, , #.##
#.#.### * #. *
,#.#####....[# ,
#.*, ,
,#.....>.###.######
, * , # #.#####.#
#....... , ,#.#.#
#.###.###### * * ,
#.#.# #.....# *,
#.'.# #######
...W..#.# *,
#######@# ......O.#
, ....##### ## *


You could see a two-headed ogre.

Vanquished Creatures
  Kirke (D:12)
  A two-headed ogre (D:8)
  Urug (D:10)
  Nergalle (D:11)
  A flayed ghost (D:12)
  2 unseen horrors (D:10)
  An orc knight (D:10)
  Pikel (D:4)
  3 ugly things (D:11)
  2 cyclopes
  A centaur zombie (D:11)
  A manticore (D:11)
  A centaur skeleton (D:11)
  2 kobold demonologists
  2 tengu conjurers (D:10)
  A troll (D:12)
  A hornet (D:10)
  3 slime creatures (D:12)
  4 hippogriffs
  A vampire (D:11)
  5 hogs
  A human (D:7)
  3 hungry ghosts
  9 yaks
  3 steam dragons
  Menkaure (D:6)
  Edmund (D:4)
  A soldier ant (D:10)
  6 orc warriors
  2 sky beasts
  Duvessa (D:6)
  5 ice beasts
  A black bear (D:10)
  A necrophage (D:8)
  6 ogres
  2 phantoms
  4 centaurs
  2 crocodiles (D:11)
  17 big kobolds
  7 bullfrogs
  A gnoll sergeant (D:9)
  A water moccasin zombie (D:7)
  3 scorpions
  Dowan (D:6)
  17 wights
  5 killer bees (D:10)
  5 howler monkeys
  4 crimson imps
  3 bullfrog zombies
  3 hounds
  2 jellies
  2 bullfrog skeletons
  An orc priest (D:8)
  4 orc wizards
  3 iguanas
  Ijyb (D:5)
  6 worker ants
  A hound zombie (D:8)
  22 gnolls
  A howler monkey skeleton (D:11)
  14 adders
  5 shadow imps
  4 oozes
  An adder zombie (D:9)
  3 worms
  3 dart slugs
  6 leopard geckos
  52 orcs
  4 bats
  3 giant cockroaches
  7 goblins
  18 hobgoblins
  13 jackals
  4 quokkas
  5 frilled lizards
  30 kobolds
  A quokka zombie (D:8)
  8 rats
376 creatures vanquished.

Vanquished Creatures (others)
  A hog (shapeshifter) (D:12)
  5 humans (D:12)
  2 slaves (D:4)
  An ogre (D:12)
  A scorpion (D:12)
  An iguana (D:4)
  An orc (D:12)
  A giant cockroach (D:4)
  A hobgoblin (D:3)
  A kobold (D:9)
15 creatures vanquished.

Grand Total: 391 creatures vanquished

Notes
Turn   | Place    | Note
-------+----------+-------------------------------------------
     0 | D:1      | Ethylacetat the Demonspawn Fighter began the quest for the Orb.
     0 | D:1      | Reached XP level 1. HP: 18/18 MP: 1/1
    71 | D:1      | Reached skill level 2 in Unarmed Combat
    84 | D:1      | Gained mutation: Your flesh is cold resistant. (rC+) [demonic ancestry]
    84 | D:1      | Reached XP level 2. HP: 21/24 MP: 2/2
   531 | D:1      | Reached XP level 3. HP: 23/29 MP: 3/3
   849 | D:2      | Reached skill level 3 in Unarmed Combat
  1093 | D:2      | Found a hide-covered altar of Uskayaw.
  1473 | D:2      | Gained mutation: Your movements are slightly less encumbered by armour. (ER -2) [demonic ancestry]
  1473 | D:2      | Reached XP level 4. HP: 25/37 MP: 4/4
  1647 | D:2      | Found a shimmering altar of Xom.
  1969 | D:3      | Found a white marble altar of Elyvilon.
  2196 | D:4      | Noticed Edmund
  2218 | D:4      | Reached skill level 4 in Unarmed Combat
  2230 | D:4      | Gained mutation: You are partially covered in sharp spines. [demonic ancestry]
  2230 | D:4      | Reached XP level 5. HP: 23/42 MP: 5/5
  2254 | D:4      | Noticed Pikel
  2259 | D:4      | Noticed a slave
  2267 | D:4      | Killed Pikel
  2267 | D:4      | Reached skill level 5 in Fighting
  2267 | D:4      | Reached skill level 6 in Unarmed Combat
  2267 | D:4      | Gained mutation: You have a pair of small horns on your head. [demonic ancestry]
  2267 | D:4      | Reached XP level 6. HP: 19/51 MP: 6/6
  2267 | D:4      | Gained mutation: Your movements are less encumbered by armour. (ER -4) [demonic ancestry]
  2267 | D:4      | Reached XP level 7. HP: 21/56 MP: 7/7
  2484 | D:4      | Killed Edmund
  2789 | D:4      | Found a glowing silver altar of Zin.
  3107 | D:5      | Entered Level 5 of the Dungeon
  3152 | D:5      | Reached skill level 7 in Unarmed Combat
  3152 | D:5      | Gained mutation: You are mostly covered in sharp spines. [demonic ancestry]
  3152 | D:5      | Reached XP level 8. HP: 64/64 MP: 8/8
  3385 | D:5      | Found an iron altar of Okawaru.
  3402 | D:5      | Noticed Ijyb
  3414 | D:5      | Killed Ijyb
  3514 | D:5      | Found Vuimmysar's Jewellery Boutique.
  3533 | D:5      | Found an iron altar of Okawaru.
  3881 | D:6      | Reached skill level 8 in Unarmed Combat
  3936 | D:6      | Noticed Dowan
  3948 | D:6      | Killed Dowan
  4315 | D:6      | Found a staircase to the Ecumenical Temple.
  4324 | Temple   | Entered the Ecumenical Temple
  4516 | Temple   | Became a worshipper of Makhleb the Destroyer
  4605 | D:6      | Noticed Duvessa
  4613 | D:6      | Killed Duvessa
  4797 | D:6      | Found a hazy altar of Hepliaklqana.
  4820 | D:6      | Noticed Menkaure
  4828 | D:6      | Killed Menkaure
  4999 | D:7      | Reached skill level 9 in Unarmed Combat
  4999 | D:7      | Gained mutation: You are completely covered in sharp spines. [demonic ancestry]
  4999 | D:7      | Reached XP level 9. HP: 58/72 MP: 9/9
  5021 | D:7      | Found Boxatalisch's Food Emporium.
  5028 | D:7      | Gained mutation: Your mind is acute. (Int +2) [potion of mutation]
  5028 | D:7      | Gained mutation: You passively map a small area around you. [potion of mutation]
  5028 | D:7      | Gained mutation: Your spells are a little harder to cast, but a little more powerful. [potion of mutation]
  5437 | D:7      | Reached skill level 10 in Unarmed Combat
  5616 | D:7      | Gained mutation: You are immune to freezing clouds. [demonic ancestry]
  5616 | D:7      | Reached XP level 10. HP: 53/82 MP: 10/10
  5809 | D:8      | Reached * piety under Makhleb
  5840 | D:8      | Reached skill level 1 in Invocations
  5879 | D:8      | Found Voptegg's Gadget Shop.
  5933 | D:8      | Noticed Prince Ribbit
  5943 | D:8      | Reached skill level 11 in Unarmed Combat
  5974 | D:8      | Noticed a two-headed ogre
  5996 | D:8      | Killed a two-headed ogre
  5996 | D:8      | HP: 3/124 [hippogriff (4)]
  6002 | D:8      | HP: 2/124 [howler monkey (2)]
  6320 | D:8      | Found a flagged portal.
  6361 | D:8      | Reached skill level 5 in Invocations
  6409 | D:8      | Found an opulent altar of Gozag.
  6447 | Bailey   | Entered a bailey
  6557 | Bailey   | Reached ** piety under Makhleb
  7500 | D:9      | Found a staircase to the Lair.
  8080 | D:9      | Reached *** piety under Makhleb
  8166 | D:9      | Reached XP level 11. HP: 89/89 MP: 16/16
  8185 | D:9      | Reached skill level 12 in Unarmed Combat
  8313 | D:10     | Entered Level 10 of the Dungeon
  8321 | D:10     | Noticed Urug
  8328 | D:10     | Reached skill level 10 in Fighting
  8328 | D:10     | Reached skill level 10 in Invocations
  8328 | D:10     | Reached XP level 12. HP: 37/97 MP: 16/19
  8341 | D:10     | Killed Urug
  8374 | D:10     | Reached **** piety under Makhleb
  8491 | D:10     | Found a sparkling altar of Nemelex Xobeh.
  8622 | D:10     | Reached skill level 13 in Unarmed Combat
  8641 | D:10     | Reached skill level 5 in Shields
  8792 | D:10     | Found a staircase to the Orcish Mines.
  8792 | D:10     | Found Xetian's Weapon Emporium.
  8893 | D:10     | Got a twisted bardiche
  8894 | D:10     | Identified the +11 bardiche "Welewaqone" {chop, *Rage rPois Str+2} (You found it on level 10 of the Dungeon)
  9797 | D:11     | Noticed Nergalle
  9799 | D:11     | Reached ***** piety under Makhleb
  9804 | D:11     | Killed Nergalle
 10720 | D:12     | Noticed Kirke
 10727 | D:12     | Killed Kirke
 10727 | D:12     | Reached XP level 13. HP: 106/106 MP: 22/22
 11473 | D:12     | HP: 5/106 [two-headed ogre/giant club (7)]
 11474 | D:12     | HP: 2/106 [two-headed ogre/giant club (21)]
 11474 | D:12     | Mangled by a two-headed ogre

Skill      XL: |  1  2  3  4  5  6  7  8  9 10 11 12 |
---------------+-------------------------------------+-----
Unarmed Combat | 2 3 4 6 7 9 10 11 12 13 | 13.8
Fighting       | 4 5 6 7 8 9 10 11 | 11.3
Invocations    | 7 10 12 | 12.7
Shields        | 3 4 6 |  6.2
Armour         | |  2.6

Action                   |  1- 3 |  4- 6 |  7- 9 | 10-12 | 13-15 || total
-------------------------+-------+-------+-------+-------+-------++-------
Melee: Unarmed           |   190 |   141 |   279 |   371 |       ||   981
       Punch             |     1 |     1 |    16 |    20 |       ||    38
       Headbutt          |       |       |    47 |    97 |     5 ||   149
       Bardiche          |       |       |       |    67 |    45 ||   112
Throw: Javelin           |       |       |     3 |       |     5 ||     8
Invok: Minor Destruction |       |       |       |     3 |    13 ||    16
       Lesser Servant of |       |       |       |       |     1 ||     1
       Greater Servant o |       |       |       |       |     1 ||     1
  Use: Potion            |     2 |     1 |     3 |    12 |     3 ||    21
       Scroll            |       |       |     3 |     7 |       ||    10
 Stab: Distracted        |       |       |       |       |     1 ||     1
  Eat: Chunk             |     2 |     3 |    11 |    15 |     3 ||    34
       Ration            |       |       |       |     1 |       ||     1
Armor: Scale mail        |    17 |       |       |       |       ||    17
       Ring mail         |    69 |    59 |    82 |   162 |     9 ||   381
       Skin              |       |       |     9 |    32 |     9 ||    50
       Chain mail        |       |       |       |       |    15 ||    15
Dodge: Dodged            |   117 |   100 |   119 |   206 |    34 ||   576
Block: Other             |       |       |    23 |   128 |    17 ||   168
       Reflection        |       |       |       |    14 |     1 ||    15
